[Event "Titled Tuesday Blitz September 21 2021"]
[White "Dong, Bao Nghia"]
[Black "Rustemov, Alexander"]
[WhiteFideId "12400343"]
[BlackFideId "4119002"]
[WhiteElo "2414"]
[BlackElo "2773"]
[Result "1-0"]
[Round "02"]
[TimeControl "180+1"]
[Date "2021.09.21"]
[WhiteClock "0:01:45"]
[BlackClock "0:00:02"]

1. d4 d5 2. c4 e6 3. Nc3 Be7 4. Nf3 Nf6 5. Bg5 Nbd7 6. e3 h6 7. Bh4 O-O 8. Qc2 c5 9. cxd5 Nxd5 10. Bxe7 Nxe7 11. Rd1 cxd4 12. Nxd4 Qc7 13. Be2 b6 14. Bf3 Bb7 15. Ndb5 Qc8 16. Nd6 Qc7 17. Nxb7 Ne5 18. Nd6 Nxf3+ 19. gxf3 a6 20. Nde4 Nf5 21. Qe2 b5 22. Ng3 Nh4 23. a3 Qb7 24. f4 Rfd8 25. Qg4 Rxd1+ 26. Nxd1 Ng6 27. h4 Rd8 28. h5 Ne7 29. Rg1 Kh8 30. f5 exf5 31. Nxf5 Nxf5 32. Qxf5 Qe7 33. Nc3 1-0


[Site "https://www.chess.com"]

[Event "Titled Tuesday Blitz September 21 2021"]
[White "Dzhaparov, Medet"]
[Black "Arjun Kalyan"]
[WhiteFideId "13803689"]
[BlackFideId "35018701"]
[WhiteElo "1702"]
[BlackElo "2321"]
[Result "0-1"]
[Round "02"]
[TimeControl "180+1"]
[Date "2021.09.21"]
[WhiteClock "0:00:01"]
[BlackClock "0:00:23"]

1. d4 d5 2. c4 e6 3. Nc3 h6 4. cxd5 exd5 5. Bf4 Nf6 6. e3 Bd6 7. Bg3 O-O 8. Bd3 c5 9. Nge2 Nc6 10. O-O cxd4 11. Nxd4 Nxd4 12. exd4 Bxg3 13. hxg3 Qb6 14. Qd2 Bd7 15. Rfe1 Rfe8 16. Re5 Bc6 17. Rae1 Rxe5 18. dxe5 Nd7 19. Bf5 Nf8 20. Nxd5 Bxd5 21. Qxd5 Rd8 22. Qb3 Qxb3 23. axb3 Rd2 24. Ra1 Rxb2 25. Rxa7 Rxb3 26. Bc8 b5 27. Rb7 b4 28. Kh2 Rb2 29. f4 Rc2 30. Bf5 Rc4 31. Kh3 g6 32. Bd7 Rd4 33. Bc8 h5 34. f5 Rd8 35. Rc7 b3 36. fxg6 fxg6 37. e6 b2 38. e7 Rd1 0-1


[Site "https://www.chess.com"]

[Event "Titled Tuesday Blitz September 21 2021"]
[White "Erdogmus, Yagiz Kaan"]
[Black "Ider, Borya"]
[WhiteFideId "44599790"]
[BlackFideId "4901134"]
[WhiteElo "1783"]
[BlackElo "2512"]
[Result "1/2-1/2"]
[Round "02"]
[TimeControl "180+1"]
[Date "2021.09.21"]
[WhiteClock "0:00:09"]
[BlackClock "0:00:49"]

1. e4 e6 2. d4 d5 3. Nd2 c5 4. Ngf3 cxd4 5. Nxd4 Nf6 6. exd5 Qxd5 7. N2f3 Nc6 8. c4 Bb4+ 9. Bd2 Qe4+ 10. Be2 Nxd4 11. Nxd4 Bc5 12. Nf3 O-O 13. O-O b6 14. Bc3 Bb7 15. Qd2 Rad8 16. Qg5 Qg6 17. Qxg6 hxg6 18. Rad1 Ne4 19. Bd4 Bd6 20. h4 Nc5 21. b3 Ne4 22. Ng5 Nxg5 23. hxg5 Bf4 24. Be3 Be5 25. f4 Bc7 26. Kf2 Rfe8 27. b4 e5 28. g3 exf4 29. Bxf4 Bxf4 30. gxf4 Kf8 31. Bf3 Ba6 32. b5 Rxd1 33. Rxd1 Bc8 34. Bc6 Be6 35. Bxe8 Kxe8 36. Rd4 Ke7 37. Ke3 f6 38. gxf6+ gxf6 39. Kd3 Bh3 40. Kc3 g5 41. fxg5 fxg5 42. Rd5 Kf6 43. Kd4 g4 44. Ke3 g3 45. Rh5 Be6 46. Kf4 g2 47. Rg5 Bxc4 48. Rxg2 Bxb5 49. Rb2 Bc4 50. Ke4 Ke7 51. Kd4 Bf7 52. Ke5 Kd7 53. Rh2 Bc4 54. a3 Kc6 55. Kd4 Bb3 56. Rb2 Bf7 57. Rf2 Bb3 58. Kc3 Bd5 59. Kb4 a5+ 60. Kc3 Kc5 61. Rf8 Kb5 62. Rf5 Kc6 63. Kd4 Bb3 64. Re5 Ba2 65. Rh5 Bf7 66. Rg5 Ba2 67. Kc3 Bd5 68. Kd4 Bf7 69. Rf5 Bg8 70. Rf8 Bb3 71. Kc3 Ba2 72. a4 Bd5 73. Kd4 Bb3 74. Rf6+ Kb7 75. Kc3 Bxa4 76. Rf2 Bc6 77. Rb2 b5 78. Kd4 Kb6 79. Kc3 Kc5 80. Rxb5+ Kxb5 81. Kb2 Kb4 82. Ka1 Ka3 83. Kb1 Bd5 84. Ka1 Kb3 85. Kb1 Kc3 86. Ka1 Bc4 87. Kb1 a4 88. Ka1 a3 89. Kb1 Kb4 90. Ka1 Kb3 91. Kb1 Bb5 92. Ka1 Ba4 93. Kb1 a2+ 94. Ka1 Ka3 1/2-1/2


[Site "https://www.chess.com"]

[Event "Titled Tuesday Blitz September 21 2021"]
[White "Gelman, Alexander"]
[Black "Bach, Ngoc Thuy Duong"]
[WhiteFideId "4118316"]
[BlackFideId "12408956"]
[WhiteElo "2375"]
[BlackElo "1896"]
[Result "1-0"]
[Round "02"]
[TimeControl "180+1"]
[Date "2021.09.21"]
[WhiteClock "0:00:06"]
[BlackClock "0:00:02"]

1. d4 d5 2. Nc3 Nf6 3. Bf4 c6 4. f3 Bf5 5. g4 Bg6 6. h4 h5 7. g5 Nfd7 8. e4 dxe4 9. fxe4 e5 10. dxe5 Qb6 11. Qd2 Nc5 12. O-O-O Ne6 13. Be3 Qc7 14. Nf3 Nd7 15. Bh3 Bc5 16. Nd5 cxd5 17. Bxc5 Nexc5 18. exd5 Ne4 19. Qh2 Nb6 20. d6 Qc6 21. d7+ Ke7 22. Nd4 Qc4 23. Kb1 Rhd8 24. Rhf1 Na4 25. Rf3 Nac5 26. e6 fxe6 27. Qe5 Rxd7 28. Qxg7+ Kd8 29. Qxg6 Kc7 30. c3 Rad8 31. Qxh5 Rd6 32. Rff1 e5 33. Nc2 Rxd1+ 34. Rxd1 Rxd1+ 35. Qxd1 Qd3 36. Qxd3 Nxd3 37. g6 Nf4 38. Bf5 Nf6 39. Ne3 Kd6 40. Kc2 e4 41. g7 Ke5 42. Bh7 1-0


[Site "https://www.chess.com"]

[Event "Titled Tuesday Blitz September 21 2021"]
[White "Gracia Alvarez, Gerardo Antonio"]
[Black "Srihari L R"]
[WhiteFideId "5109124"]
[BlackFideId "46617116"]
[WhiteElo "2148"]
[BlackElo "2121"]
[Result "0-1"]
[Round "02"]
[TimeControl "180+1"]
[Date "2021.09.21"]
[WhiteClock "0:00:10"]
[BlackClock "0:00:22"]

1. e4 c5 2. Nf3 Nf6 3. e5 Nd5 4. Nc3 e6 5. Ne4 f5 6. Nc3 Ne7 7. d4 cxd4 8. Nxd4 Nbc6 9. Ndb5 Ng6 10. f4 a6 11. Nd6+ Bxd6 12. Qxd6 Qe7 13. Qxe7+ Ngxe7 14. Be3 b5 15. O-O-O Bb7 16. Rd2 Rc8 17. a3 Na5 18. Bd3 Rxc3 19. bxc3 Nd5 20. Re1 Nxc3 21. Bc5 Ne4 22. Bxe4 Bxe4 23. g3 Nc4 24. Rd4 Bc6 25. Rxc4 bxc4 26. Kd2 Kf7 27. Rb1 h6 28. Kc3 g5 29. Kxc4 Rg8 30. Rg1 Rb8 31. Kc3 Be4 32. Rc1 Rc8 33. Kd4 gxf4 34. gxf4 Rg8 35. c4 Rg2 36. Ke3 Rxh2 37. Rd1 Bc6 38. Rd2 Rh3+ 39. Ke2 h5 40. Rd3 Rh2+ 41. Ke3 h4 42. Kd4 h3 43. Rg3 Rh1 44. Ke3 h2 45. Rh3 Re1+ 0-1


[Site "https://www.chess.com"]

[Event "Titled Tuesday Blitz September 21 2021"]
[White "Grandelius, Nils"]
[Black "Przybylski, Wojciech"]
[WhiteFideId "1710400"]
[BlackFideId "1117599"]
[WhiteElo "2651"]
[BlackElo "2285"]
[Result "1-0"]
[Round "02"]
[TimeControl "180+1"]
[Date "2021.09.21"]
[WhiteClock "0:01:20"]
[BlackClock "0:00:02"]

1. c4 e5 2. d3 Nf6 3. Nf3 Nc6 4. a3 d5 5. cxd5 Nxd5 6. e3 Be6 7. b4 a6 8. Bb2 f6 9. Nbd2 Be7 10. Be2 O-O 11. O-O Kh8 12. Rc1 Rc8 13. Ne4 Bf7 14. Re1 a5 15. b5 Nb8 16. Ng3 Re8 17. d4 exd4 18. Nxd4 Bf8 19. Bg4 Nd7 20. Qc2 Rb8 21. Red1 Ne5 22. Bf5 g6 23. Be4 Bd6 24. Ndf5 Nxe3 25. Nxe3 a4 26. Bd5 Qe7 27. Qxa4 c6 28. Bxf7 Nxf7 29. Qc2 Bf4 30. Ngf1 Kg8 31. a4 Be5 32. Bxe5 Nxe5 33. h3 cxb5 34. axb5 Kg7 35. Qc7 Ra8 36. Nd5 Qxc7 37. Nxc7 1-0


[Site "https://www.chess.com"]

[Event "Titled Tuesday Blitz September 21 2021"]
[White "Guliev, Logman"]
[Black "Suarez Gomez, Julio"]
[WhiteFideId "13400061"]
[BlackFideId "22275991"]
[WhiteElo "2128"]
[BlackElo "2376"]
[Result "0-1"]
[Round "02"]
[TimeControl "180+1"]
[Date "2021.09.21"]
[WhiteClock "0:00:20"]
[BlackClock "0:01:04"]

1. e4 e6 2. d4 d5 3. Nc3 Bb4 4. e5 c5 5. a3 Bxc3+ 6. bxc3 Ne7 7. Qg4 cxd4 8. cxd4 Qc7 9. Bd2 Nf5 10. Bd3 O-O 11. Nf3 b6 12. O-O Ba6 13. Bxf5 exf5 14. Qxf5 Bxf1 15. Ng5 g6 16. Qh3 f6 17. Ne6 Qd7 18. Rxf1 Re8 19. Nf4 Qxh3 20. gxh3 fxe5 21. Nxd5 Rd8 22. Nc7 Nc6 23. Nxa8 Nxd4 24. Bh6 Rxa8 25. Kg2 Rc8 26. Re1 Rc5 27. Re4 Nxc2 28. f4 Kf7 29. fxe5 Ke6 30. Rd4 Nxd4 0-1


[Site "https://www.chess.com"]

[Event "Titled Tuesday Blitz September 21 2021"]
[White "Haitin, Ilja"]
[Black "Shipov, Sergei"]
[WhiteFideId "4501764"]
[BlackFideId "4113624"]
[WhiteElo "2218"]
[BlackElo "2795"]
[Result "0-1"]
[Round "02"]
[TimeControl "180+1"]
[Date "2021.09.21"]
[WhiteClock "0:00:02"]
[BlackClock "0:00:35"]

1. e4 e6 2. d3 d5 3. Nd2 c5 4. Ngf3 Nc6 5. g3 Nf6 6. Bg2 g6 7. O-O Bg7 8. c3 O-O 9. Re1 a5 10. e5 Nd7 11. d4 cxd4 12. cxd4 f6 13. exf6 Qxf6 14. Qe2 Nb6 15. Nb3 a4 16. Nc5 a3 17. bxa3 Qxf3 18. Bxf3 Nxd4 19. Rb1 Nxe2+ 20. Bxe2 Bd4 21. Nd3 Nc4 22. Bg4 e5 23. Bh6 Bxg4 24. Bxf8 Rxf8 25. Rxb7 e4 26. Nf4 g5 0-1


[Site "https://www.chess.com"]

[Event "Titled Tuesday Blitz September 21 2021"]
[White "Hambleton, Aman"]
[Black "Manukyan, Artyom"]
[WhiteFideId "2606577"]
[BlackFideId "13305786"]
[WhiteElo "2552"]
[BlackElo "2034"]
[Result "1-0"]
[Round "02"]
[TimeControl "180+1"]
[Date "2021.09.21"]
[WhiteClock "0:00:16"]
[BlackClock "0:00:12"]

1. d4 d5 2. Bf4 Nf6 3. e3 c5 4. c3 Nc6 5. Nd2 cxd4 6. exd4 Bg4 7. Qb3 Qb6 8. h3 Bh5 9. Ngf3 Bxf3 10. Nxf3 e6 11. Bd3 Be7 12. O-O O-O 13. Rfe1 Rac8 14. Ne5 Na5 15. Qc2 Nc4 16. Nxc4 dxc4 17. Be2 Bd6 18. Bg5 Nd5 19. Bf3 h6 20. Bd2 Qc7 21. g3 b5 22. Kg2 Qd7 23. h4 a5 24. h5 b4 25. Rab1 Rfe8 26. Re4 Nf6 27. Re2 e5 28. dxe5 Rxe5 29. Rxe5 Bxe5 30. cxb4 axb4 31. Bxb4 Bd4 32. Rd1 Qa7 33. a3 Qb6 34. Qd2 Re8 35. Qxd4 1-0


[Site "https://www.chess.com"]

[Event "Titled Tuesday Blitz September 21 2021"]
[White "Harikrishna, Pentala"]
[Black "Swicarz, Maciej"]
[WhiteFideId "5007003"]
[BlackFideId "1113585"]
[WhiteElo "2614"]
[BlackElo "2153"]
[Result "0-1"]
[Round "02"]
[TimeControl "180+1"]
[Date "2021.09.21"]
[WhiteClock "0:00:03"]
[BlackClock "0:00:57"]

1. d4 d6 2. e4 Nf6 3. Nc3 c6 4. Be3 Ng4 5. Bd2 e5 6. dxe5 dxe5 7. h3 Nf6 8. Nf3 Qc7 9. Bc4 Bb4 10. a3 Bd6 11. O-O O-O 12. Bg5 Nbd7 13. Nh4 h6 14. Bxh6 gxh6 15. Nf5 Bc5 16. Qd3 Kh7 17. b4 Bd4 18. Nxd4 exd4 19. e5+ Kh8 20. exf6 dxc3 21. Rfe1 Qf4 22. Re4 Qxf6 23. Qe3 Nb6 24. Bd3 Nd5 25. Qg3 Rg8 26. Qe5 Qxe5 27. Rxe5 Nf4 28. Be4 Bxh3 29. g3 Ng6 30. Rh5 Bg4 31. Rxh6+ Kg7 32. Rh2 Rh8 33. f3 Rxh2 34. Kxh2 Be6 35. Rd1 Ne7 36. g4 Bd5 37. Bxd5 Nxd5 38. Kg3 Re8 39. Kf2 Kf6 40. b5 Re7 41. bxc6 bxc6 42. Rd4 Ke6 0-1


[Site "https://www.chess.com"]

[Event "Titled Tuesday Blitz September 21 2021"]
[White "Holt, Conrad"]
[Black "Silva, Miguel Antonio Neto"]
[WhiteFideId "2034387"]
[BlackFideId "1911929"]
[WhiteElo "2586"]
[BlackElo "2283"]
[Result "1-0"]
[Round "02"]
[TimeControl "180+1"]
[Date "2021.09.21"]
[WhiteClock "0:00:09"]
[BlackClock "0:00:11"]

1. d4 Nf6 2. c4 e6 3. Nc3 Bb4 4. Qc2 d5 5. cxd5 exd5 6. Bg5 h6 7. Bxf6 Qxf6 8. a3 Bxc3+ 9. Qxc3 O-O 10. e3 Bf5 11. Ne2 c6 12. Ng3 Bg6 13. Be2 Nd7 14. O-O Qd6 15. b4 f5 16. f4 Rae8 17. Rfe1 Re6 18. Bd3 Qe7 19. Bf1 Re8 20. Kf2 Qh4 21. Kg1 Nf6 22. Be2 Rxe3 23. Qd2 Qxf4 24. Rf1 Qg5 25. Bf3 f4 26. Ne2 Ne4 27. Qc1 Rf8 28. Ra2 Nd6 29. a4 Bd3 30. Rd1 Bxe2 31. Rxe2 Rxe2 32. Bxe2 f3 33. Bxf3 Qxc1 34. Rxc1 Rf4 35. b5 Rxd4 36. bxc6 bxc6 37. Rxc6 Ne4 38. Rc8+ Kh7 39. a5 Ra4 40. Bxe4+ dxe4 41. Rc5 Ra2 42. h4 Kg6 43. h5+ Kf6 44. Rc6+ Kf5 45. Ra6 Kf4 46. Rxa7 Ke3 47. Rxg7 Rxa5 48. Kh2 Rxh5+ 49. Kg1 Rg5 50. Rh7 h5 51. Ra7 Rb5 52. Ra3+ Kf4 53. g3+ Kg4 54. Kf2 Rb2+ 55. Ke3 Rg2 56. Kxe4 Rxg3 57. Ra8 Rg1 58. Rg8+ Kh3 59. Rxg1 h4 60. Rg7 Kh2 61. Kf3 h3 62. Rh7 1-0


[Site "https://www.chess.com"]

[Event "Titled Tuesday Blitz September 21 2021"]
[White "Jacobson, Aaron"]
[Black "Kovalev, Vladislav"]
[WhiteFideId "2089912"]
[BlackFideId "13504398"]
[WhiteElo "2265"]
[BlackElo "2573"]
[Result "0-1"]
[Round "02"]
[TimeControl "180+1"]
[Date "2021.09.21"]
[WhiteClock "0:00:01"]
[BlackClock "0:00:20"]

1. e4 e5 2. Nf3 Nc6 3. Nc3 Nf6 4. d4 exd4 5. Nxd4 Bb4 6. Nxc6 bxc6 7. Bd3 O-O 8. O-O d5 9. exd5 cxd5 10. h3 c6 11. Qf3 Rb8 12. Bf4 Bd6 13. b3 Re8 14. Rfe1 Rxe1+ 15. Rxe1 Be6 16. Na4 c5 17. Bxd6 Qxd6 18. Qe3 Nd7 19. f4 c4 20. f5 cxd3 21. fxe6 fxe6 22. cxd3 e5 23. Qxa7 Re8 24. Rc1 e4 25. dxe4 dxe4 26. Re1 Ne5 27. Kh1 Nd3 28. Re2 Qf6 29. Qe3 Rc8 0-1


[Site "https://www.chess.com"]

[Event "Titled Tuesday Blitz September 21 2021"]
[White "Jain, Naveen"]
[Black "Wagner, Dennis"]
[WhiteFideId "5003970"]
[BlackFideId "24650684"]
[WhiteElo "2036"]
[BlackElo "2355"]
[Result "0-1"]
[Round "02"]
[TimeControl "180+1"]
[Date "2021.09.21"]
[WhiteClock "0:00:03"]
[BlackClock "0:00:08"]

1. c4 c5 2. g3 g6 3. Bg2 Bg7 4. Nc3 Nc6 5. a3 Nf6 6. Rb1 a6 7. b4 cxb4 8. axb4 b5 9. cxb5 axb5 10. Nxb5 Rb8 11. Nc3 Rxb4 12. Rxb4 Nxb4 13. Qb3 Qa5 14. Nf3 O-O 15. O-O Ba6 16. Ba3 Nc6 17. Rb1 h6 18. Bb4 Nxb4 19. Qxb4 Qxb4 20. Rxb4 Rc8 21. Nd4 Ng4 22. h3 Ne5 23. Nd5 Kf8 24. f4 Nc4 25. Nf3 e6 26. Nb6 Nxb6 27. Rxb6 Bxe2 28. Kf2 Bxf3 29. Kxf3 Rc2 30. Ke2 Ke7 31. Rb7 Bc3 32. Be4 Rxd2+ 33. Ke3 Rd1 34. Bc6 Rd6 35. Bf3 h5 36. g4 h4 37. f5 gxf5 38. gxf5 Kf6 39. Rb8 Kxf5 40. Rg8 Bd4+ 41. Ke2 Bf6 42. Rg4 Rd4 43. Rg8 d5 44. Re8 Bg5 45. Rf8 Rd2+ 46. Ke1 Kf6 47. Bh5 Rh2 48. Rxf7+ Ke5 49. Bg4 Bf4 50. Re7 Bg3+ 51. Kf1 Rf2+ 52. Kg1 Rf6 53. Re8 d4 54. Rd8 Ke4 55. Kg2 e5 56. Bf3+ Rxf3 0-1


[Site "https://www.chess.com"]

[Event "Titled Tuesday Blitz September 21 2021"]
[White "Janaszak, Dawid"]
[Black "Goltsev, Dmitry"]
[WhiteFideId "1119206"]
[BlackFideId "24176710"]
[WhiteElo "2283"]
[BlackElo "2334"]
[Result "0-1"]
[Round "02"]
[TimeControl "180+1"]
[Date "2021.09.21"]
[WhiteClock "0:00:12"]
[BlackClock "0:00:08"]

1. e4 c5 2. Nc3 e6 3. f4 Nc6 4. Nf3 a6 5. d4 cxd4 6. Nxd4 Qc7 7. Be3 Bb4 8. Qd3 b5 9. Be2 Bb7 10. O-O Nge7 11. Rad1 O-O 12. Bf3 d6 13. Kh1 Rfd8 14. Nb3 Na5 15. Ne2 Nc4 16. Bc1 d5 17. e5 Ng6 18. c3 Be7 19. Nbd4 Rac8 20. Bg4 b4 21. cxb4 Bxb4 22. Nxe6 fxe6 23. Bxe6+ Kh8 24. Bxc8 Rxc8 25. Nd4 a5 26. b3 Nb6 27. Bb2 Nd7 28. Rc1 Nc5 29. Qh3 Ba6 30. Rfd1 Qd8 31. f5 Ne4 32. Qe3 Nxe5 33. Ne6 Qd6 34. Rxc8+ Bxc8 35. Qd4 Bc5 36. Qxd5 Nf2+ 37. Kg1 Nxd1+ 38. Kf1 Qxd5 0-1


[Site "https://www.chess.com"]

[Event "Titled Tuesday Blitz September 21 2021"]
[White "Khanin, Semen"]
[Black "Turayev, Shahruh"]
[WhiteFideId "4111990"]
[BlackFideId "14003856"]
[WhiteElo "2449"]
[BlackElo "2523"]
[Result "1-0"]
[Round "02"]
[TimeControl "180+1"]
[Date "2021.09.21"]
[WhiteClock "0:00:19"]
[BlackClock "0:00:13"]

1. e4 d5 2. Nc3 e6 3. d4 Bb4 4. e5 Ne7 5. a3 Bxc3+ 6. bxc3 c5 7. Qg4 cxd4 8. Qxg7 Rg8 9. Qxh7 Qc7 10. Qd3 Qxe5+ 11. Ne2 dxc3 12. Qxc3 Nbc6 13. h4 Bd7 14. h5 Rc8 15. Qxe5 Nxe5 16. Bb2 f6 17. Nd4 Kf7 18. O-O-O Nc4 19. Bxc4 Rxc4 20. h6 Ba4 21. h7 Rh8 22. f4 Nc6 23. Rd2 Nxd4 24. Bxd4 Kg6 25. g4 Bxc2 26. Kb2 Rxh7 27. Rxh7 Kxh7 28. Bxf6 Be4 29. Rh2+ Kg6 30. Be5 Bf3 31. g5 Bh5 32. Rh3 b5 33. Re3 Kf5 34. Rh3 Bg6 35. Rh8 d4 36. Rf8+ Ke4 37. Rf6 Bf5 38. g6 Rc2+ 39. Kxc2 1-0


[Site "https://www.chess.com"]

[Event "Titled Tuesday Blitz September 21 2021"]
[White "Khusnutdinov, Rustam"]
[Black "Golubev, Mikhail"]
[WhiteFideId "13701703"]
[BlackFideId "14100983"]
[WhiteElo "2571"]
[BlackElo "2374"]
[Result "1-0"]
[Round "02"]
[TimeControl "180+1"]
[Date "2021.09.21"]
[WhiteClock "0:00:06"]
[BlackClock "0:00:01"]

1. d4 Nf6 2. c4 g6 3. Nc3 Bg7 4. e4 d6 5. Nge2 Nbd7 6. Ng3 h5 7. Be2 h4 8. Nf1 e5 9. d5 Nc5 10. Bg5 Bh6 11. Bxh4 g5 12. Bg3 Nfxe4 13. Nxe4 Nxe4 14. Bd3 Nc5 15. Bc2 Bg7 16. Ne3 e4 17. b4 Bc3+ 18. Ke2 Nd7 19. Rb1 Nf6 20. Rb3 Be5 21. Bxe5 dxe5 22. Qb1 a5 23. Ra3 Qe7 24. Rxa5 Rxa5 25. bxa5 Qa3 26. Qb5+ Kf8 27. h3 Kg7 28. Rb1 g4 29. hxg4 Bxg4+ 30. Nxg4 Nxg4 31. Qb3 Qc5 32. Qg3 Qxc4+ 33. Kd2 f5 34. Rb3 Qxd5+ 35. Kc1 Rd8 36. Qc3 Nf6 37. Qxc7+ Rd7 38. Rg3+ Kf7 39. Qc3 1-0


[Site "https://www.chess.com"]

[Event "Titled Tuesday Blitz September 21 2021"]
[White "Kislov, Oleg"]
[Black "Kobalia, Mikhail"]
[WhiteFideId "13503774"]
[BlackFideId "4119150"]
[WhiteElo "2252"]
[BlackElo "2626"]
[Result "1-0"]
[Round "02"]
[TimeControl "180+1"]
[Date "2021.09.21"]
[WhiteClock "0:01:02"]
[BlackClock "0:01:59"]

1. d4 Nf6 2. Nc3 g6 3. e4 d6 4. f3 Bg7 5. Be3 Na6 6. Qd2 O-O 7. Bh6 c5 8. d5 Nc7 9. h4 b5 10. h5 b4 11. Nce2 e6 12. Bxg7 Kxg7 13. hxg6 fxg6 14. Qh6+ Kg8 15. Nf4 Qe7 16. dxe6 d5 17. Nxg6 Qg7 18. Qxg7+ Kxg7 19. Nxf8 Kxf8 20. e5 Ng8 21. Rxh7 Nxe6 22. O-O-O Nd4 23. Ne2 Bf5 24. Rc7 Ne6 25. Rb7 Ne7 26. g4 Bh7 27. f4 Nd8 28. Rd7 Ke8 29. Rd6 Nf7 30. Rf6 Be4 31. Ng3 Bf3 32. Be2 Bxe2 33. Nxe2 d4 34. g5 Nd5 35. Rc6 Ne3 36. Rh1 Kd7 37. Rxc5 1-0


[Site "https://www.chess.com"]

[Event "Titled Tuesday Blitz September 21 2021"]
[White "Korchmar, Vasiliy"]
[Black "Hernandez Jimenez, Alexander Andres"]
[WhiteFideId "24131750"]
[BlackFideId "3900452"]
[WhiteElo "2370"]
[BlackElo "2110"]
[Result "1-0"]
[Round "02"]
[TimeControl "180+1"]
[Date "2021.09.21"]
[WhiteClock "0:00:20"]
[BlackClock "0:00:03"]

1. e4 c5 2. Nf3 d6 3. d4 cxd4 4. Nxd4 Nf6 5. Nc3 a6 6. Be2 e5 7. Nb3 Be6 8. O-O Nbd7 9. f4 exf4 10. Bxf4 Ne5 11. Qe1 Be7 12. Qg3 Ng6 13. Bg5 Nh5 14. Bxh5 Bxg5 15. Kh1 O-O 16. Nd4 Bh4 17. Qe3 Qg5 18. Qxg5 Bxg5 19. Nxe6 fxe6 20. Bxg6 hxg6 21. Rad1 Bf4 22. Ne2 Be5 23. c3 Rxf1+ 24. Rxf1 Rc8 25. Ng1 Rc4 26. Re1 b5 27. Nf3 Bf6 28. e5 dxe5 29. Nxe5 Bxe5 30. Rxe5 Kf7 31. a3 Kf6 32. Re3 e5 33. Kg1 a5 34. Kf2 e4 35. Re2 b4 36. axb4 axb4 37. Rc2 Ke5 38. Ke3 g5 39. h3 g6 40. Rc1 Kd5 41. Rd1+ Ke5 42. Rd4 Rxd4 43. cxd4+ Kd5 44. b3 g4 45. hxg4 g5 46. g3 1-0


[Site "https://www.chess.com"]

[Event "Titled Tuesday Blitz September 21 2021"]
[White "Koridze, Lile"]
[Black "Weetik, Vjacheslav"]
[WhiteFideId "13612514"]
[BlackFideId "4153472"]
[WhiteElo "1978"]
[BlackElo "2469"]
[Result "1/2-1/2"]
[Round "02"]
[TimeControl "180+1"]
[Date "2021.09.21"]
[WhiteClock "0:00:08"]
[BlackClock "0:00:08"]

1. d4 d5 2. c4 e6 3. Nc3 a6 4. Nf3 h6 5. e3 Nf6 6. Bd3 dxc4 7. Bxc4 b5 8. Bd3 c5 9. dxc5 Bxc5 10. a3 Bb7 11. O-O O-O 12. b4 Bd6 13. Bb2 Nc6 14. h3 Ne5 15. Nxe5 Bxe5 16. Qe2 Rc8 17. Rac1 Qe7 18. Rfd1 Rc7 19. Rc2 Rfc8 20. Rdc1 Rc6 21. Ne4 Bxb2 22. Rxc6 Rxc6 23. Qxb2 Rxc1+ 24. Qxc1 Nxe4 25. f3 Nf6 26. Qc3 Qd6 27. e4 e5 28. Kh2 Kf8 29. Bc2 Ke7 30. Bb3 h5 31. Ba2 h4 32. Qb3 Kd8 33. Qxf7 Qe7 34. Qg6 Kc7 35. Qg5 Nd5 36. Qc1+ Kb6 37. exd5 Qd6 38. Qe3+ Kc7 39. Qg5 e4+ 40. f4 Qd7 41. Qe5+ Qd6 42. Qxe4 g5 43. Qc2+ Kb6 44. Qf2+ Kc7 45. Qd4 gxf4 46. Qg7+ Kb6 47. Kg1 Bxd5 48. Qd4+ Kc6 49. Bxd5+ Qxd5 50. Qxf4 Qd1+ 51. Kf2 Qh5 52. Qf6+ Kd5 53. Qxa6 Kc4 54. Qc6+ Kb3 55. Qe6+ Kxa3 56. Qd6 Qf5+ 57. Ke3 Qg5+ 58. Kf3 Qf5+ 59. Ke3 Qg5+ 60. Kf3 Kb3 61. Qd4 Qf5+ 62. Ke3 Qe6+ 63. Kd2 Qg6 64. Qxh4 Qxg2+ 65. Kd3 Qf3+ 66. Kd2 Qf2+ 67. Kd3 Qf1+ 68. Kd2 Qf5 69. Qd4 Qg5+ 70. Qe3+ Qxe3+ 71. Kxe3 Kxb4 72. Kd2 Ka3 73. h4 Ka2 74. h5 b4 75. h6 b3 76. h7 b2 77. h8=Q b1=Q 78. Qa8+ Kb2 79. Qb8+ Ka1 80. Qxb1+ Kxb1 1/2-1/2


[Site "https://www.chess.com"]

[Event "Titled Tuesday Blitz September 21 2021"]
[White "Kovalchuk94"]
[Black "Obolentseva, Alexandra"]
[BlackFideId "24153648"]
[WhiteElo "2686"]
[BlackElo "2113"]
[Result "1-0"]
[Round "02"]
[TimeControl "180+1"]
[Date "2021.09.21"]
[WhiteClock "0:00:16"]
[BlackClock "0:00:14"]

1. d4 Nf6 2. c4 g6 3. Nc3 Bg7 4. e4 O-O 5. Nf3 d6 6. Be2 e5 7. O-O exd4 8. Nxd4 c6 9. Nc2 Re8 10. f3 d5 11. cxd5 cxd5 12. exd5 Bf5 13. Bb5 Bd7 14. Bc4 Nh5 15. Ne4 Be5 16. Bg5 Qb6+ 17. Kh1 f5 18. Be3 Qd8 19. Ng5 f4 20. d6+ Kg7 21. Nf7 Qh4 22. Bf2 Ng3+ 23. Kg1 Bf6 24. Re1 Nc6 25. Qd2 Ne5 26. Nxe5 Rxe5 27. Rxe5 Bxe5 28. Re1 Bf6 29. Bd4 Nf5 30. Bxf6+ Qxf6 31. Qxf4 Rc8 32. Bb3 Qxb2 33. g4 Rxc2 34. Bxc2 Qxc2 35. gxf5 Bxf5 36. d7 Qc5+ 37. Qe3 Qd5 38. Qe7+ Kh6 39. d8=Q Qxf3 40. Qg5+ Kg7 41. Qdf6+ Kg8 42. Re8# 1-0


[Site "https://www.chess.com"]

[Event "Titled Tuesday Blitz September 21 2021"]
[White "Kwon, Sehyun"]
[Black "Thomas, Anysia"]
[WhiteFideId "13203088"]
[BlackFideId "670472"]
[WhiteElo "1778"]
[BlackElo "2004"]
[Result "1-0"]
[Round "02"]
[TimeControl "180+1"]
[Date "2021.09.21"]
[WhiteClock "0:00:05"]
[BlackClock "0:00:05"]

1. Nf3 g6 2. e4 c5 3. d4 cxd4 4. Qxd4 Nf6 5. Nc3 Nc6 6. Qa4 d6 7. e5 dxe5 8. Nxe5 Bd7 9. Nxd7 Nxd7 10. Be3 Bg7 11. Be2 O-O 12. O-O Nb6 13. Qh4 e5 14. Bg5 Qd4 15. Qh3 Rfe8 16. Rad1 Qb4 17. Bc1 Nd4 18. Bd3 Rac8 19. a3 Qe7 20. Rfe1 Qc7 21. Bh6 f5 22. Bxg7 Kxg7 23. Qe3 Rcd8 24. Nb5 Nxb5 25. Bxb5 Rxd1 26. Rxd1 Re7 27. c3 a6 28. Be2 Nc4 29. Bxc4 Qxc4 30. Qb6 Qe2 31. Qd6 Kf7 32. b4 f4 33. h3 f3 34. Qd5+ Kg7 35. Qxf3 Qc2 36. Rd8 Rf7 37. Qe3 Qf5 38. Re8 e4 39. Rxe4 Qf6 40. Qd4 Qxd4 41. Rxd4 Rc7 42. c4 Kf6 43. Kf1 Ke5 44. Rg4 h5 45. Rxg6 Rxc4 46. Rb6 Ke4 47. g3 Kf3 48. Rf6+ Ke4 49. Kg2 Rc3 50. Rb6 Rxa3 51. Rxb7 Rb3 52. Rb6 Kd4 53. Rxa6 Rxb4 54. Rf6 Rb5 55. h4 Ke4 56. Rf4+ Ke5 57. Rf8 Ke6 58. Rg8 Kf6 59. Rc8 Rd5 60. Rc4 Kg6 61. Rf4 Rb5 62. Ra4 Rc5 63. Kh3 Rc2 64. Rf4 Rc6 65. f3 Rd6 66. Re4 Rd1 67. Kg2 Rd2+ 68. Kh3 Rd6 69. Re2 Rf6 70. Kg2 Rc6 71. Re3 Rc2+ 72. Kh3 Rc6 73. Ra3 Rf6 74. Kg2 Rd6 75. Ra2 Re6 76. Kf2 Rd6 77. Re2 Rf6 78. Re4 Rd6 79. Ke3 Rc6 80. Rb4 Rc3+ 81. Kf4 Rc6 82. g4 Rf6+ 83. Kg3 hxg4 84. Kxg4 Kh6 85. Rb5 Rg6+ 86. Rg5 Rf6 87. f4 Rc6 88. Rb5 Rg6+ 89. Rg5 Rc6 90. h5 Kh7 91. Rb5 Rc2 92. Kg5 Rg2+ 93. Kf5 Kh6 94. Kf6 Rf2 95. Rf5 Rf1 96. Kf7 Rf2 97. Kf8 Rf1 98. Kf7 Rf2 99. Kf6 Rf1 100. Ke5 Rf2 101. Ke6 Re2+ 102. Re5 Rf2 103. f5 Kxh5 104. Re3 Kh6 105. Rg3 Rf3 106. Rxf3 Kg7 107. f6+ Kf8 108. Rh3 Kg8 109. Rh2 Kf8 110. Rh8# 1-0


[Site "https://www.chess.com"]

[Event "Titled Tuesday Blitz September 21 2021"]
[White "LEGENYA1998"]
[Black "Ovetchkin, Roman"]
[BlackFideId "4119991"]
[WhiteElo "2434"]
[BlackElo "2432"]
[Result "0-1"]
[Round "02"]
[TimeControl "180+1"]
[Date "2021.09.21"]
[WhiteClock "0:00:05"]
[BlackClock "0:00:19"]

1. d4 Nf6 2. Nf3 g6 3. Bf4 d6 4. c3 Nbd7 5. e3 Nh5 6. Bg3 Bg7 7. Be2 O-O 8. O-O c5 9. Nbd2 b6 10. Re1 Bb7 11. a4 a6 12. e4 cxd4 13. cxd4 Nxg3 14. hxg3 Nf6 15. Bd3 b5 16. a5 Rc8 17. Qb3 Bh6 18. e5 dxe5 19. dxe5 Nd7 20. Qb4 Nc5 21. Bf1 Ne6 22. Rad1 Qc7 23. Ne4 Rfd8 24. Rxd8+ Rxd8 25. Be2 Kg7 26. Rd1 Rxd1+ 27. Bxd1 Qc1 0-1


[Site "https://www.chess.com"]